 Dungeon Crawl Stone Soup version 0.17-a0-491-gbd49765 (webtiles) character file.

3493 Aijf the Grappler (level 9, -1/73 HPs)
             Began as a Yellow Draconian Transmuter on Apr 9, 2015.
             Was a Priest of Makhleb.
             Succumbed to an orc wizard's poison
             ... on level 9 of the Dungeon.
             The game lasted 00:33:42 (13203 turns).

Aijf the Grappler (Yellow Draconian Transmuter)    Turns: 13203, Time: 00:33:42

Health: -1/73      AC: 11    Str: 14    XL:     9   Next: 80%
Magic:  10/12      EV: 14    Int: 14    God:    Makhleb [***...]
Gold:   247        SH:  0    Dex: 13    Spells: 3 memorised, 4 levels left

rFire  . . .     SeeInvis .       - Unarmed
rCold  . . .     Clarity  .     (armour unavailable)
rNeg   . . .     SustAb   .     (no shield)
rPois  .         Gourm    .     (helmet restricted)
rElec  .         Spirit   .     (no cloak)
rCorr  +         Warding  .     w - +2 pair of gloves {archery} (curse)
rMut   .         Stasis   .     f - +0 pair of boots (curse)
MR     +....                    (no amulet)
Stlth  +.........               (no ring)
                                k - ring of protection from magic (curse)

@: lethally poisoned (-1 -> -70), starving, somewhat resistant to hostile
enchantments, very unstealthy
A: spit acid, acid resistance, unfitting armour, cold-blooded, AC +7
a: Spit Acid, Minor Destruction, Lesser Servant of Makhleb, Renounce Religion


You were on level 9 of the Dungeon.
You worshipped Makhleb.
Makhleb was most pleased with you.
You were starving.

You visited 2 branches of the dungeon, and saw 10 of its levels.

You collected 478 gold pieces.
You spent 231 gold pieces at shops.


Innate Abilities, Weirdness & Mutations

You can spit globs of acid.
You are resistant to acid.
Your golden yellow scales are hard (AC +7).
Your body does not fit into most forms of armour.
You are cold-blooded and may be slowed by cold attacks.


   Skills:
 - Level 4.8 Fighting
 - Level 4.2 Dodging
 - Level 10.5 Unarmed Combat
 + Level 2.0 Spellcasting
 + Level 6.7 Transmutations
 - Level 3.5 Poison Magic


You had 4 spell levels left.
You knew the following spells:

 Your Spells              Type           Power        Failure   Level  Hunger
a - Beastly Appendage     Trmt           ###...       1%          1    ##.....
c - Ice Form              Ice/Trmt       ##......     71%         4    #####..
s - Spider Form           Trmt/Pois      ###.......   10%         3    ####...

Inventory:

Hand weapons
 a - a +1 blowgun
Missiles
 b - 56 poisoned needles
 i - 7 tomahawks (quivered)
 x - a throwing net
Armour
 f - a cursed +0 pair of boots (worn)
 w - a cursed +2 pair of gloves of archery (worn)
Jewellery
 k - a cursed ring of protection from magic (left hand)
Magical devices
 e - a wand of slowing (36)
 n - a wand of confusion (16)
 v - a wand of digging (20)
 D - a wand of paralysis (14)
Scrolls
 g - 3 scrolls of recharging
 h - a scroll of magic mapping
 m - 2 scrolls of identify
 o - a scroll of amnesia {unknown}
 p - a scroll of fear {unknown}
 t - 2 scrolls of teleportation
 y - 3 scrolls of fog
 B - 2 scrolls of remove curse
Potions
 j - 2 potions of brilliance
 l - 2 potions of restore abilities
 q - 2 potions of agility
 r - a potion of flight
 s - a potion of curing
 u - a potion of cure mutation {unknown}
 z - a potion of poison {unknown}
 A - 3 potions of heal wounds {unknown}
 C - a potion of haste {unknown}
 H - a potion of beneficial mutation {unknown}
Books
 d - a book of Changes
Comestibles
 c - 9 bread rations
 E - 10 royal jellies
 F - 2 chunks of flesh
 G - a meat ration

Dungeon Overview and Level Annotations

Branches:
Dungeon (9/15)             Temple (1/1) D:4
   Lair: D:8-11         Orc: D:9-12

Altars:
Ashenzari
Cheibriados
Dithmenos
Elyvilon
Fedhas
Gozag
Kikubaaqudgha
Makhleb
Nemelex Xobeh
Okawaru
Qazlal
Ru
Sif Muna
Trog
Vehumet
Xom
Yredelemnul
Zin
The Shining One

Shops:
D:8 [

Annotations:
D:7 Fluffy's ghost, experienced DsGl
D:8 Radiman's ghost, experienced HOBe


Message History

You hit the orc wizard but do no damage.
The orc wizard looks even sicker.
The orc wizard is moderately wounded.
You feel very sick. The orc wizard casts a spell at you.
The magic dart hits you! The hungry ghost hits you.
You feel somewhat more hungry.
You are starving!
You hit the orc wizard.
The orc wizard is almost dead.
You feel very sick.
The orc wizard hits you with a dagger of venom.
You are more poisoned.
You hit the orc wizard.
The orc wizard is almost dead.
Your transformation has ended.
Your cursed +2 pair of gloves of archery unmelds from your body.
Your cursed +0 pair of boots unmelds from your body.
You feel that your aim is more steady.
You die...

........................
.........†.............
..........[......#####
...#######†........#
..## #####.....##### .
..###..........## #.#
...# .####..##..# #.#
...#.. #..###o## ..#
...... ...## ##@### #.#
......###.## ##Wo###..##
....## ## ##.......##.
....# ##..........#
....# #...####...##
.....# #.....#### ###
.....# ..o### ..... #
....


You could see a hungry ghost, an orc priest and an orc wizard.

Notes
Turn   | Place    | Note
--------------------------------------------------------------
     0 | D:1      | Aijf, the Draconian Transmuter, began the quest for the Orb.
     0 | D:1      | Reached XP level 1. HP: 16/16 MP: 3/3
   265 | D:1      | Reached XP level 2. HP: 17/23 MP: 5/5
  1236 | D:2      | Reached skill level 4 in Unarmed Combat
  1438 | D:2      | Reached XP level 3. HP: 12/28 MP: 6/6
  1759 | D:1      | Learned a level 3 spell: Spider Form
  3013 | D:3      | Reached XP level 4. HP: 31/35 MP: 7/7
  3283 | D:3      | Noticed Robin
  3393 | D:3      | Killed Robin
  4278 | D:4      | Noticed Sigmund
  4743 | D:3      | Killed Sigmund
  4743 | D:3      | Reached skill level 5 in Unarmed Combat
  4743 | D:3      | Reached XP level 5. HP: 25/40 MP: 8/8
  4743 | D:3      | Reached XP level 6. HP: 29/47 MP: 9/9
  4954 | D:4      | Learned a level 4 spell: Ice Form
  4984 | D:4      | Noticed a phantom
  5023 | D:3      | Killed a phantom
  5340 | D:4      | Reached skill level 6 in Unarmed Combat
  5372 | D:4      | Found a staircase to the Ecumenical Temple.
  5378 | Temple   | Entered the Ecumenical Temple
  5431 | Temple   | Became a worshipper of Makhleb the Destroyer
  5614 | D:4      | Noticed Menkaure
  5631 | D:4      | Killed Menkaure
  5631 | D:4      | Your scales start taking on a golden yellow colour.
  5631 | D:4      | Reached XP level 7. HP: 29/56 MP: 7/10
  6040 | D:5      | Entered Level 5 of the Dungeon
  6657 | D:5      | Reached skill level 7 in Unarmed Combat
  6672 | D:5      | Acquired Makhleb's first power
  7120 | D:6      | Reached skill level 4 in Transmutations
  7723 | D:6      | Reached XP level 8. HP: 64/66 MP: 11/11
  7828 | D:6      | Reached skill level 4 in Fighting
  8007 | D:6      | Reached skill level 8 in Unarmed Combat
  8292 | D:7      | Acquired Makhleb's second power
  8669 | D:7      | Noticed Fluffy's ghost (experienced DsGl)
  9996 | D:7      | Reached skill level 9 in Unarmed Combat
 10021 | D:7      | Reached skill level 4 in Dodging
 10094 | D:7      | Found a blossoming altar of Fedhas.
 10255 | D:7      | Reached XP level 9. HP: 71/73 MP: 12/12
 10924 | D:8      | Noticed Radiman's ghost (experienced HOBe)
 11490 | D:8      | Found Xyczaf's Armour Shop.
 11529 | D:8      | Bought a +2 pair of gloves of archery for 231 gold pieces
 11851 | D:8      | Acquired Makhleb's third power
 12322 | D:8      | Found an ancient bone altar of Kikubaaqudgha.
 12661 | D:8      | Reached skill level 10 in Unarmed Combat
 13077 | D:8      | Acquired Makhleb's fourth power
 13203 | D:9      | Succumbed to an orc wizard's poison

Vault maps used:
D:1:      ncdulo_lavacross
D:2:      first_bread
D:3:      uniq_robin
D:4:      temple_green, uniq_sigmund, uniq_menkaure
D:7:      minmay_flawed_box, basic_altar
D:8:      lemuel_mausoleum_altar_kikubaaqudgha, serial_shops,
          nicolae_shop_waterfront, hangedman_little_slice_of_home
D:9:      orc_0_dummy
Temple:   grunt_wide_crystal_templ_18

Vanquished Creatures
  Sigmund
  A wraith
  A deep elf mage
  A wyvern Menkaure
  2 ice beasts
  A necrophage
  An orc warrior
  A sky beast
  A phantom
  2 centaurs
  An elf zombie
  6 giant frogs
  A troll zombie
  2 scorpions
  2 wights
  A quasit
  2 goliath beetles
  2 giant frog zombies
  5 hounds
  4 human zombies
  A giant frog skeleton
  A centaur skeleton
  An orc priest
  5 jellies
  9 orc wizards
  2 iguanas
  6 worker ants
  3 mummies Robin
  7 adders
  2 worms
  A shadow imp
  6 oozes
  11 orcs
  18 bats
  A bat skeleton
  2 bat zombies
  7 giant cockroaches
  8 hobgoblins
  6 jackals
  7 quokkas
  A ball python
  6 giant geckos
  5 giant newts
  2 giant spores
  22 goblins
  23 kobolds
  13 rats
  6 ballistomycetes
222 creatures vanquished.

Vanquished Creatures (others)
  An adder
  A ballistomycete
2 creatures vanquished.

Grand Total: 224 creatures vanquished
